 Dungeon Crawl Stone Soup version 0.32-a0-391-gce5c0aab1b (webtiles) character file.

Game seed: 12976636764367514690

104342 Ceno the Fighter (level 16, -7/134 HPs)
             Began as a Coglin Warper on Feb 19, 2024.
             Was the Champion of Yredelemnul.
             Killed from afar by Jorgrun (44 damage)
             ... with an iron shot
             ... on level 2 of the Orcish Mines on Feb 20, 2024.
             The game lasted 01:24:02 (23119 turns).

Ceno the Fighter (Coglin Warper)                   Turns: 23119, Time: 01:24:07

Health: -7/134     AC: 20    Str: 17    XL:     16   Next: 38%
Magic:  9/22       EV: 17    Int: 13    God:    Yredelemnul [******]
Gold:   2752       SH:  0    Dex: 20    Spells: 12/23 levels left

rFire   + . .        s - +2 scimitar (flame) {Ikko}
rCold   . . .        X - +3 scimitar (venom) {Gustavo}
rNeg    . . .        u - +3 ring mail {rF+}
rPois   .            V - +2 helmet
rElec   .            (no cloak)
rCorr   .            F - +2 pair of gloves
SInv    +            R - +2 pair of boots {Fly}
Will    ++...        l - amulet "Foeqein" {Regen+ Str+4}
Stlth   +            p - ring of see invisible
HPRegen 1.22/turn    G - ring of willpower
MPRegen 0.18/turn

%: no passive effects
@: flying, wreathed by umbra, revving, stiff-legged, very slow
A: off-hand wielding, slow wielding, warmup strikes, warmup strides
a: Renounce Religion, Light the Black Torch, Recall Undead Harvest, Hurl
Torchlight, Bind Soul, Fathomless Shackles


You were on level 2 of the Orcish Mines.
You worshipped Yredelemnul.
Yredelemnul was noncommittal.
You visited 4 branches of the dungeon, and saw 23 of its levels.
You also visited: Sewer and Bailey.

You collected 2752 gold pieces.

Inventory:

Hand Weapons
 s - a +2 scimitar of flaming (weapon) {Ikko}
 X - a +3 scimitar of venom (worn) {Gustavo}
Missiles
 d - 7 darts of dispersal
 i - 213 stones (quivered)
 y - 19 poisoned darts
 E - 5 throwing nets
 I - 7 curare-tipped darts
Armour
 u - a +3 ring mail of fire resistance (worn)
 F - a +2 pair of gloves (worn)
 R - a +2 pair of boots of flying (worn)
 V - a +2 helmet (worn)
Jewellery
 h - an amulet of magic regeneration
 l - the amulet "Foeqein" (around neck) {Regen+ Str+4}
   (You acquired it on level 1 of the Lair of Beasts)

   [amulet of regeneration]

   Str+4:     It affects your strength (+4).
   Regen+:    It increases your rate of health regeneration.
 p - a ring of see invisible (left grasper)
 G - a ring of willpower (right grasper)
 S - a +6 ring of strength
 U - a ring of resist corrosion
 W - a ring of protection from cold
Wands
 a - a wand of flame (4)
 j - a wand of acid (10)
 C - a wand of iceblast (11)
 H - a wand of charming (5)
 N - a wand of digging (6)
Scrolls
 c - a scroll of blinking
 f - 2 scrolls of immolation
 k - 7 scrolls of teleportation
 r - a scroll of torment
 v - 3 scrolls of fear
 z - 2 scrolls of revelation
 A - 3 scrolls of butterflies
 K - 2 scrolls of fog
 L - a scroll of vulnerability
 O - a scroll of silence
 P - a scroll of identify
 Q - a scroll of poison
 T - 2 scrolls of amnesia
Potions
 b - a potion of degeneration
 e - 2 potions of cancellation
 g - 4 potions of lignification
 m - a potion of resistance
 n - 13 potions of enlightenment
 o - 8 potions of curing
 t - 8 potions of ambrosia
 w - 4 potions of brilliance
 x - 6 potions of mutation
 B - 3 potions of berserk rage
 J - 3 potions of invisibility
 M - 5 potions of haste
Miscellaneous
 q - a lightning rod (4/4)
 D - a sack of spiders
 Z - a phial of floods


   Skills:
 + Level 14.7 Fighting
 - Level 14.0 Long Blades
 - Level 1.2 Throwing
 + Level 9.9 Armour
 + Level 10.0 Dodging
 - Level 4.0 Spellcasting
 - Level 8.0 Translocations
 - Level 8.0 Air Magic
 + Level 6.0 Invocations
 - Level 8.0 Evocations


You had 12 spell levels left.
You knew the following spells:

 Your Spells              Type           Power      Damage    Failure   Level
a - Blink                 Tloc           46%        N/A       1%          2
b - Lesser Beckoning      Tloc           46%        N/A       1%          2
c - Teleport Other        Tloc           23%        N/A       3%          3
d - Vhi's Electric Charg  Tloc/Air       46%        N/A       12%         4

Your spell library contained the following spells:

 Spells                   Type           Power      Damage    Failure   Level
 Gell's Gravitas          Tloc           23%        N/A       3%          3
 Momentum Strike          Conj/Tloc      26%        3d8       10%         2
 Manifold Assault         Tloc           23%        N/A       12%         4
 Kiss of Death            Conj/Necr      8%         2d6       32%         1
 Sandblast                Erth           4%         2d4       32%         1
 Slow                     Hex            8%         N/A       32%         1
 Call Imp                 Summ           4%         N/A       45%         2
 Sublimation of Blood     Necr           2%         N/A       45%         2
 Dimensional Bullseye     Hex/Tloc       6%         N/A       54%         4
 Iskenderun's Mystic Bla  Conj/Tloc      13%        2d5       54%         4
 Confusing Touch          Hex            2%         N/A       69%         3
 Passwall                 Erth           2%         N/A       69%         3
 Sigil of Binding         Hex            2%         N/A       69%         3
 Stone Arrow              Conj/Erth      4%         3d7       69%         3
 Tukima's Dance           Hex            2%         N/A       69%         3
 Vampiric Draining        Necr           2%         2d6       69%         3
 Silence                  Hex/Air        6%         N/A       87%         5
 Summon Forest            Summ/Tloc      6%         N/A       87%         5
 Dispersal                Tloc           11%        N/A       88%         6
 Brom's Barrelling Bould  Conj/Erth      2%         2d3       97%         4
 Dispel Undead            Necr           2%         3d7       97%         4
 Ignite Poison            Fire/Alch      2%         N/A       97%         4
 Sticky Flame             Fire/Alch      2%         2d4       97%         4
 Alistair's Intoxication  Alch           1%         N/A       100%        5
 Borgnjor's Vile Clutch   Necr/Erth      1%         N/A       100%        5
 Metabolic Englaciation   Hex/Ice        1%         N/A       100%        5
 Summon Mana Viper        Hex/Summ       2%         N/A       100%        5
 Eringya's Noxious Bog    Alch           1%         4d6       100%        6
 Sculpt Simulacrum        Ice/Alch       1%         N/A       100%        6
 Summon Cactus Giant      Summ           1%         N/A       100%        6
 Haunt                    Necr/Summ      1%         N/A       100%        7
 Summon Hydra             Summ           1%         N/A       100%        7
 Disjunction              Tloc           11%        N/A       100%        8
 Ignition                 Fire           1%         3d3       100%        8
 Infestation              Necr           1%         N/A       100%        8
 Animate Dead             Necr           Unusable   N/A       N/A         4

Dungeon Overview and Level Annotations

Branches:
Dungeon (15/15)            Temple (1/1) D:4            Lair (5/5) D:10
 Shoals (0/4) Lair:2        Snake (0/4) Lair:2        Slime (0/5) Lair:5
    Orc (2/2) D:10         Vaults (0/5) D:14         Depths (0/4) D:15
  Sewer (visited)          Bailey (visited)
    Elf: Orc:2

Altars:
Ashenzari
Cheibriados
Dithmenos
Elyvilon
Fedhas
Gozag
Hepliaklqana
Kikubaaqudgha
Makhleb
Nemelex Xobeh
Okawaru
Qazlal
Ru
Sif Muna
Trog
Uskayaw
Vehumet
Wu Jian
Xom
Yredelemnul
Zin
The Shining One
Jiyva
Lugonu

Shops:
D:1 =   D:12 =   D:13 (   D:15 [=*?   Orc:2 *(*!

Portals:
Abyss: Lair:5
Trove: D:15 (give +3 storm dragon scales)

Annotations:
D:3 Grinder
D:6 1 runed translucent door, jamsaran's ghost, novice MDFE
D:13 1 runed translucent door, Teloqir's ghost, journeyman MiFi
Lair:3 2 transporters
Orc:2 Jorgrun


Innate Abilities, Weirdness & Mutations

You can wield a second weapon in your off-hand.
It takes a long time for you to wield or remove held weapons.
Your first few attacks do less damage.
Your first movements take longer.


Message History

You burn the ogre!
You kill the ogre!
Their soul becomes fuel for the torch.
The dead are walking!
Casting: Vhi's Electric Charge (dangerous; 12% risk of failure)
Confirm with . or Enter, or press ? or * to list all spells.
Aiming: Vhi's Electric Charge (dangerous; 12% risk of failure)
Press: ? - help, Shift-Dir - straight line, f/p - Jorgrun
Aim: Jorgrun, wielding a +0 heavy quarterstaff and wearing a +0 robe (soul-gripped, ally target, umbra, 74% to hit)
You charge forward with an electric crackle!
You slash Jorgrun with your +2 scimitar of flaming!
You burn Jorgrun.
Jorgrun is lightly wounded.
You slash Jorgrun with your +3 scimitar of venom!
Jorgrun gestures at you while chanting. The iron shot hits you!!
* * * LOW HITPOINT WARNING * * *
An ogre comes into view. It is wielding a +0 giant spiked club.
You barely miss Jorgrun with your +3 scimitar of venom.
Jorgrun is moderately wounded.
You hit Jorgrun but do no damage. You hit Jorgrun but do no damage.
Jorgrun is moderately wounded.
You hit Jorgrun with your +3 scimitar of venom.
Jorgrun is poisoned.
Your ogre zombie closely misses Jorgrun.
An orc comes into view. It is wielding a +0 dagger.
Jorgrun misses you.
Your orc priest zombie misses Jorgrun.
You barely miss Jorgrun with your +2 scimitar of flaming.
Jorgrun is moderately wounded.
You barely miss Jorgrun with your +3 scimitar of venom.
Unknown command.
You miss Jorgrun with your +2 scimitar of flaming.
Jorgrun is moderately wounded.
You slice Jorgrun with your +3 scimitar of venom!!
Your orc priest zombie hits Jorgrun.
Jorgrun gestures at you while chanting. The iron shot hits you!!!
You die...
Your body rises from the dead as a mindless zombie.

...........#.
.o..........
....O.......$#
...............#
..............##
...#......Z....#
........∩.Zg...#
......#..ZZ@Z∩.#
..........ZZ...#
..............##
......#........#
...............#
.....#.∩.......#
.....#.........#
..............##
......#.......##


You could see Jorgrun (soul-gripped, very poisoned, ally target), an ogre, an
orc, 2 friendly orc zombies, a friendly orc priest zombie, 3 friendly ogre
zombies and a friendly cyclops zombie.

Vanquished Creatures
  An ironbound thunderhulk (D:14)
  Nessos (D:12)
  Snorg (Lair:5)
  An ettin (Orc:2)
  An entropy weaver (shapeshifter) (Lair:5)
  Fannar (D:10)
  2 hydras
  2 rakshasas
  A catoblepas (Lair:2)
  2 ogre magi (Orc:2)
  A vault guard (D:14)
  5 centaur warriors
  A dancing weapon (D:13)
  A boulder beetle (D:15)
  A death knight (D:14)
  9 two-headed ogres
  A sphinx skeleton (D:15)
  3 tengu warriors
  A vampire mage (D:13)
  An occultist (D:15)
  A thrashing horror (Lair:5)
  A skyshark (Lair:3)
  A large abomination (Lair:5)
  3 skeletal warriors (D:13)
  A death drake (shapeshifter) (D:13)
  2 deep trolls (Orc:2)
  A phantasmal warrior (D:13)
  A harpy (shapeshifter) (D:14)
  A lindwurm (D:11)
  A wolf spider (Lair:2)
  2 deep elf pyromancers
  7 ugly things
  2 manticores
  7 cyclopes
  2 kobold blastminers (Orc:2)
  3 meliai
  Joseph (D:7)
  4 elephants
  6 black mambas
  6 cane toads
  2 centaur skeletons (D:15)
  An unseen horror (D:12)
  5 komodo dragons
  2 rime drakes
  Psyche (D:10)
  An efreet (D:13)
  2 red devils (D:12)
  A tengu conjurer (D:14)
  3 guardian mummies (D:13)
  7 trolls
  A polar bear (Lair:3)
  Prince Ribbit (D:7)
  A polar bear (shapeshifter) (D:13)
  A tarantella (shapeshifter) (D:14)
  2 hornets (Lair:2)
  7 blink frogs
  A raiju (Lair:5)
  A slime creature (D:14)
  A shadow (D:9)
  8 vampires
  2 ynoxinuls (Lair:5)
  A spriggan (Lair:5)
  3 water elementals (D:15)
  26 yaks
  5 wyverns
  2 humans (D:14)
  4 basilisks (Lair:5)
  Menkaure (D:4)
  2 chaos spawn (Lair:5)
  6 small abominations (Lair:5)
  An acid dragon (D:12)
  11 water moccasins
  Duvessa (D:4)
  15 orc warriors
  A sky beast (D:7)
  2 ice beasts
  A laughing skull (D:13)
  5 black bears
  9 wolves
  14 ogres (Orc:2)
  12 centaurs
  A phantom (D:5)
  2 kobold brigands
  2 gnoll sergeants
  12 bullfrogs
  4 scorpions
  3 wights (D:8)
  Dowan (D:4)
  6 killer bees
  4 shapeshifter zombies (D:13)
  7 electric eels
  7 howler monkeys
  3 lava snakes (Lair:4)
  2 bombardier beetles
  2 jellies (Lair:5)
  11 orc priests
  3 hounds
  2 iguanas
  Ijyb (D:4)
  8 hell rats
  12 orc wizards
  3 shapeshifter simulacra (D:13)
  12 gnolls
  5 river rats
  11 adders
  A shadow imp (D:5)
  An ufetubus (D:5)
  5 ribbon worms
  5 dart slugs
  42 orcs
  7 ball pythons
  4 endoplasms
  2 giant cockroaches
  14 goblins
  15 hobgoblins
  A quokka (D:3)
  9 bats
  4 frilled lizards
  13 kobolds
  6 rats
516 creatures vanquished.

Vanquished Creatures (collateral kills)
  2 rakshasas
  4 hydras
  A catoblepas (D:13)
  2 boulder beetles
  A death knight (D:13)
  A death yak (D:10)
  A vampire mage (D:13)
  2 thrashing horrors (Lair:5)
  2 skysharks
  3 lindwurms (D:11)
  A flayed ghost (D:13)
  A harpy (shapeshifter) (D:13)
  A necromancer (D:15)
  A large abomination (Lair:5)
  A cyclops (D:13)
  A cyclops (shapeshifter) (D:13)
  2 ugly things
  3 meliai
  8 elephants
  A torpor snail (Lair:5)
  An unseen horror (shapeshifter) (D:13)
  A gargoyle (D:12)
  A rime drake (shapeshifter) (D:13)
  2 komodo dragons
  Jeremiah (D:7)
  2 rime drakes
  A freezing wraith (D:13)
  A tengu conjurer (D:15)
  A red devil (D:12)
  A guardian mummy (D:13)
  A troll (Orc:2)
  A tarantella (shapeshifter) (D:13)
  2 raiju (Lair:5)
  12 blink frogs
  9 slime creatures
  A ynoxinul (Lair:5)
  A spriggan (Lair:5)
  A vampire (D:13)
  A water elemental (D:13)
  2 wraiths (D:13)
  7 yaks
  2 basilisks (D:10)
  6 golden eyes (D:13)
  A chaos spawn (D:13)
  14 water moccasins
  2 orc warriors
  A black bear (D:5)
  An ice beast (D:6)
  A laughing skull (D:13)
  6 ogres
  3 small abominations (Lair:5)
  3 centaurs
  A kobold brigand (Sewer)
  3 bullfrogs
  4 wights
  4 killer bees
  4 electric eels (Lair:4)
  3 orc priests
  3 jellies
  2 gnoll boudas
  An iguana (D:5)
  3 orc wizards (Orc:2)
  3 hell rats
  A shapeshifter simulacrum (D:13)
  Robin (D:4)
  11 gnolls
  8 adders
  3 river rats (Lair:1)
  An ufetubus (D:5)
  18 orcs
  A ball python (D:4)
  A giant cockroach (D:4)
  4 goblins (D:4)
  2 hobgoblins
  10 kobolds
  3 rats (Lair:1)
224 creatures vanquished.

Vanquished Creatures (others)
  2 spectral humans
  A death drake zombie (D:13)
  2 harpy zombies
  A meliai zombie (D:15)
  A black mamba zombie (Lair:5)
  6 slime creature zombies
  2 spectral red devils (D:12)
  A cane toad zombie (Lair:5)
  A spectral efreet (D:13)
  4 elephant zombies
  4 blink frog zombies
  A centaur (D:13)
  A komodo dragon zombie (D:12)
  5 cyclops zombies
  2 wyvern zombies
  5 water moccasin zombies
  4 yak zombies
  A polar bear zombie (D:13)
  2 tengu zombies
  A spriggan zombie (Lair:5)
  4 troll zombies
  4 wolf zombies (Lair:5)
  A centaur zombie (D:11)
  5 bullfrog zombies
  A human zombie (D:14)
  A basilisk zombie (Lair:5)
  A killer bee zombie (D:10)
  3 ogre zombies (Orc:2)
  An acid dragon zombie (D:12)
  An ice beast zombie (D:7)
  A hound zombie (D:7)
  5 hell rat zombies (Lair:4)
  2 elf zombies (D:4)
  2 adder zombies
  An iguana zombie (D:5)
  3 jelly zombies (Lair:5)
  8 gnoll zombies
  A ball python zombie (D:4)
  A dart slug zombie (D:5)
  A giant cockroach zombie (D:4)
  3 goblin zombies
  2 hobgoblin zombies (Bailey)
  11 kobold zombies
  34 orc zombies
  2 spectral ufetubi (D:5)
146 creatures vanquished.

Grand Total: 886 creatures vanquished

Notes
Turn   | Place    | Note
-------+----------+-------------------------------------------
     0 | D:1      | Ceno the Coglin Warper began the quest for the Orb.
     0 | D:1      | Reached XP level 1. HP: 16/16 MP: 3/3
    84 | D:1      | Reached skill level 1 in Throwing
    84 | D:1      | Reached skill level 1 in Armour
    95 | D:1      | Reached XP level 2. HP: 22/22 MP: 4/4
   127 | D:1      | Found Xufionot's Jewellery Boutique.
   307 | D:1      | Reached XP level 3. HP: 27/27 MP: 6/6
   442 | D:1      | Learned a level 2 spell: Blink
   445 | D:1      | Learned a level 2 spell: Lesser Beckoning
  1352 | D:2      | Reached XP level 4. HP: 24/34 MP: 5/7
  1370 | D:2      | Learned a level 3 spell: Teleport Other
  1926 | D:2      | Reached XP level 5. HP: 7/40 MP: 5/8
  2128 | D:2      | Got Picylly's Reference Book on the Assistive Salvo
  2684 | D:3      | Noticed Grinder
  2834 | D:3      | Reached XP level 6. HP: 27/47 MP: 7/9
  3202 | D:4      | Found a staircase to the Ecumenical Temple.
  3210 | Temple   | Entered the Ecumenical Temple
  3218 | Temple   | Became a worshipper of Yredelemnul the Fallen
  3250 | D:4      | Noticed Duvessa
  3250 | D:4      | Noticed Dowan
  3280 | D:4      | Killed Duvessa
  3290 | D:4      | Killed Dowan
  3609 | D:4      | Reached skill level 5 in Long Blades
  3609 | D:4      | Reached XP level 7. HP: 53/53 MP: 10/10
  3720 | D:4      | Your ally Duvessa died
  3723 | D:4      | Your ally Dowan died
  3727 | D:4      | Reached * piety under Yredelemnul
  3740 | D:4      | Noticed Robin
  3749 | D:4      | Noticed Menkaure
  3753 | D:4      | Killed Robin
  3763 | D:4      | Killed Menkaure
  3949 | D:4      | Noticed Ijyb
  3958 | D:4      | Killed Ijyb
  4260 | D:5      | Entered Level 5 of the Dungeon
  4275 | D:5      | Reached skill level 5 in Translocations
  4282 | D:5      | Found a sacrificial altar of Ru.
  4319 | D:5      | Reached XP level 8. HP: 61/61 MP: 12/12
  4327 | D:5      | Reached ** piety under Yredelemnul
  4459 | D:5      | Found a bloodstained altar of Trog.
  4476 | D:5      | Reached skill level 5 in Fighting
  4564 | D:5      | Identified the +8 long sword of No Interval {antimagic,
                  | rElec Stlth+}
  4728 | D:5      | Found a glowing drain.
  4746 | Sewer    | Entered a sewer
  4812 | Sewer    | Found a white marble altar of Elyvilon.
  5016 | D:5      | Reached XP level 9. HP: 67/69 MP: 5/15
  5103 | D:5      | Reached skill level 1 in Evocations
  5242 | D:5      | Learned a level 4 spell: Vhi's Electric Charge
  5696 | D:6      | Found a runed translucent door.
  5699 | D:6      | Reached skill level 1 in Air Magic
  5712 | D:6      | Noticed jamsaran's ghost (novice MDFE)
  5798 | D:6      | Found a burning altar of Makhleb.
  5930 | D:6      | Found a hazy altar of Hepliaklqana.
  5931 | D:6      | Found a blossoming altar of Fedhas.
  6220 | D:7      | Noticed Jeremiah
  6248 | D:7      | Killed Jeremiah
  6343 | D:7      | Found a radiant altar of Vehumet.
  6347 | D:7      | Noticed Prince Ribbit
  6371 | D:7      | Killed Prince Ribbit
  6371 | D:7      | Reached *** piety under Yredelemnul
  6414 | D:7      | Reached XP level 10. HP: 62/77 MP: 5/16
  6473 | D:7      | Noticed Joseph
  6482 | D:7      | Found a flagged portal.
  6489 | D:7      | Killed Joseph
  6490 | D:7      | Reached skill level 5 in Evocations
  6621 | Bailey   | Entered a bailey
  7118 | Bailey   | Got the Elucidation of Last Rites
  7152 | Bailey   | Reached **** piety under Yredelemnul
  8042 | D:8      | Identified the blade talisman of Uriqit {rElec rF+}
  8534 | D:9      | Reached XP level 11. HP: 78/86 MP: 3/17
  8564 | D:9      | Reached skill level 5 in Air Magic
  8743 | D:9      | Noticed a two-headed ogre
  8750 | D:9      | Killed a two-headed ogre
  8987 | D:9      | Found a shadowy altar of Dithmenos.
  8994 | D:9      | Found a hide-covered altar of Uskayaw.
  9102 | D:10     | Entered Level 10 of the Dungeon
  9108 | D:10     | Found a staircase to the Lair.
  9108 | D:10     | Noticed a death yak
  9117 | D:10     | Killed a death yak
  9169 | D:10     | Found a staircase to the Orcish Mines.
  9860 | D:10     | Noticed Psyche
  9866 | D:10     | Killed Psyche
  9979 | D:10     | Noticed Fannar
  9993 | D:10     | Killed Fannar
 10299 | Lair:1   | Entered Level 1 of the Lair of Beasts
 10356 | Lair:1   | Identified 2 scrolls of acquirement
 10356 | Lair:1   | Acquired the amulet "Foeqein" {Regen+ Str+4}
 10368 | Lair:1   | Acquired 552 gold pieces
 10388 | Lair:1   | Reached ***** piety under Yredelemnul
 10402 | Lair:1   | Found an opulent altar of Gozag.
 10495 | Lair:1   | Reached skill level 10 in Long Blades
 10647 | Lair:1   | Reached XP level 12. HP: 84/97 MP: 18/18
 10753 | Lair:1   | Reached skill level 10 in Fighting
 11002 | Lair:1   | Noticed Harold
 11011 | Lair:1   | Killed Harold
 11011 | Lair:1   | Bound Harold
 11545 | Lair:2   | Noticed a catoblepas
 11560 | Lair:2   | Killed a catoblepas
 11561 | Lair:2   | Noticed a skyshark
 11585 | Lair:2   | Killed a skyshark
 11634 | Lair:2   | Noticed a five-headed hydra
 11640 | Lair:2   | Killed a five-headed hydra
 11907 | Lair:2   | Found a staircase to the Snake Pit.
 12179 | Lair:2   | Found a staircase to the Shoals.
 12677 | Lair:3   | Reached XP level 13. HP: 71/106 MP: 19/19
 12948 | Lair:3   | Found a transporter.
 13203 | Lair:3   | Found a transporter.
 14036 | Lair:4   | Reached skill level 5 in Dodging
 14494 | Lair:5   | Entered Level 5 of the Lair of Beasts
 14494 | Lair:5   | Found a viscous altar of Jiyva.
 14494 | Lair:5   | Found a staircase to the Slime Pits.
 14550 | Lair:5   | Reached skill level 5 in Armour
 14960 | Lair:5   | Noticed an entropy weaver
 14983 | Lair:5   | Killed an entropy weaver
 15127 | Lair:5   | Reached XP level 14. HP: 73/116 MP: 2/20
 15377 | Lair:5   | Found a corrupted altar of Lugonu.
 15377 | Lair:5   | Found a one-way gate to the infinite horrors of the Abyss.
 15382 | Lair:5   | Got Ofamefeidd's Discourse on Altered Malediction
 15598 | Lair:5   | Noticed Snorg
 15605 | Lair:5   | Killed Snorg
 17539 | D:12     | Found Erab's Jewellery Boutique.
 17571 | D:12     | You are sucked into a shaft and drop 1 floor!
 17591 | D:13     | Found a runed translucent door.
 17592 | D:13     | Noticed Teloqir's ghost (journeyman MiFi)
 17636 | D:13     | Found a stormy altar of Qazlal.
 17677 | D:13     | Reached skill level 1 in Invocations
 17989 | D:12     | Noticed Nessos
 18032 | D:12     | Killed Nessos
 18032 | D:12     | Reached ****** piety under Yredelemnul
 18294 | D:13     | Identified the +0 ring mail of Cowardice {MP+9}
 18401 | D:13     | Identified the +9 flail of Remur {distort, rElec rC+ rN++
                  | Int+3}
 18533 | D:13     | Found a basalt altar of Yredelemnul.
 18533 | D:13     | Found an ancient bone altar of Kikubaaqudgha.
 18533 | D:13     | Found a shimmering altar of Xom.
 18548 | D:13     | Reached XP level 15. HP: 106/124 MP: 13/21
 19027 | D:13     | Found a shimmering altar of Xom.
 19035 | D:13     | Identified the ring "Hyklunne" {Ice Str+2 Dex+3}
 19462 | D:13     | Found Fyqott's Antique Weapon Shoppe.
 20017 | D:14     | Found a gate to the Vaults.
 20864 | D:15     | Entered Level 15 of the Dungeon
 21016 | D:15     | Found Cuddupt's Armour Shoppe.
 21042 | D:15     | Found a portal to a secret trove of treasure.
 21132 | D:15     | Found Acefampa's Magic Scroll Emporium.
 21433 | D:15     | Found a shadowy altar of Dithmenos.
 21449 | D:15     | Your ally Harold died
 21634 | D:15     | Found Faolur's General Store.
 21662 | D:15     | Found Yzizxar's Jewellery Emporium.
 21719 | D:15     | Reached skill level 5 in Invocations
 21998 | D:15     | Found a staircase to the Depths.
 22003 | D:15     | Reached XP level 16. HP: 121/134 MP: 20/22
 22295 | Orc:1    | Entered Level 1 of the Orcish Mines
 22373 | Orc:1    | Noticed Nergalle
 22383 | Orc:1    | Killed Nergalle
 22383 | Orc:1    | Bound Nergalle
 22513 | Orc:2    | Entered Level 2 of the Orcish Mines
 22519 | Orc:2    | Noticed Rupert
 22529 | Orc:2    | Killed Rupert
 22529 | Orc:2    | Bound Rupert
 23014 | Orc:2    | Found Qontued's General Store.
 23039 | Orc:2    | Your ally Rupert died
 23077 | Orc:2    | Reached skill level 10 in Dodging
 23086 | Orc:2    | Found Nidyan's Assorted Antiques.
 23103 | Orc:2    | Found Xonurakk's Distillery.
 23103 | Orc:2    | Found Pitzemp's Antique Weapon Shop.
 23108 | Orc:2    | Noticed Jorgrun
 23119 | Orc:2    | Killed from afar by Jorgrun

Illustrated notes

Levels and vault maps discovered:
D:1:      psy_arrival_wood_between_worlds, layout_loops_ring, serial_shops,
          shop, wander_ebering_terrifying_dragon_lair
D:2:      layout_basic, minmay_liquid_box, chequers_serial_rivers_small_b,
          st_stairs_14
D:3:      layout_loops_ring, kennysheep_boxes, uniq_grinder
D:4:      layout_basic, minmay_temple_entry_large_hall, uniq_duvessa, uniq_ijyb,
          uniq_menkaure, uniq_robin
D:5:      layout_layer_cave, nicolae_ru_awakened_eye, trog_ov_bears_minmay,
          cheibrodos_sewer_entry_bend, serial_bayou_pond_b
D:6:      layout_cave_pools, chequers_temple_overflow_statue_of_worship,
          hellmonk_ghost_happy_afterlife, hangedman_abyss_or_decor_stabs,
          dreamdust_mushroom_princess, chequers_serial_rivers_small_b, hex_tiny
D:7:      layout_rooms, nicolae_vehumet_radiance, enter_bailey_3,
          minmay_misc_feat_plants, uniq_jeremiah, uniq_prince_ribbit1,
          uniq_joseph
D:8:      layout_basic, nrook_campfire
D:9:      layout_basic, amethyst_overflow_temple_binary
D:10:     layout_stronghold, david_lair_generic, orc_0_dummy, eino_jars,
          uniq_fannar, uniq_psyche
D:11:     layout_loops_corners, minmay_lindwurm_lava
D:12:     layout_basic, serial_shops, nicolae_shop_real_fake_doors,
          einodemon_armed_red_devil_minivault, uniq_nessos
D:13:     skrybe_chaotic_catacombs, layout_basic, serial_shops, shop,
          hellmonk_ghost_big_iron, kennysheep_another_room,
          nicolae_qazlal_scattered_showers
D:14:     layout_gridville, hellmonk_vaults_keyhole, kennysheep_nondescript
D:15:     grunt_enter_depths_magical_seal, layout_basic, serial_shops, shop,
          nicolae_shop_trees, nicolae_diamond_shop, shop, grunt_dithmenos_smoke,
          nicolae_trove_entry_crystal
Temple:   eino_temple_lava
Lair:1:   layout_loops_ring, basic_altar, kennysheep_abandoned_house,
          uniq_harold
Lair:2:   minmay_lair_venomous_thicket, layout_loops_ring,
          mainiacjoe_shoals_entry_four_pools, minmay_snake_entry_six_corridors
Lair:3:   gammafunk_worm_tunnel, layout_chaotic_city, grunt_megastairs_3
Lair:4:   layout_regular_city, nicolae_lair_liquid_snakes, serial_bayou_shore_a,
          grunt_megastairs_1
Lair:5:   hellmonk_lair_end_abyssal_woods, layout_layer_cave,
          nicolae_slime_entry_field_trip, uniq_snorg
Orc:1:    layout_caves, gammafunk_ghost_grave, uniq_nergalle
Orc:2:    st_orc_open, layout_caves, uniq_jorgrun, uniq_rupert

Skill      XL: |  1  2  3  4  5  6  7  8  9 10 11 12 13 14 15 16 |
---------------+-------------------------------------------------+-----
Throwing       | 1 |  1.2
Armour         | 1 3 6 7 9 |  9.9
Dodging        | 2 3 6 8 9 10 | 10.0
Spellcasting   | 2 3 4 |  4.0
Long Blades    | 3 4 5 6 7 8 10 11 12 13 14 | 14.0
Fighting       | 3 4 5 6 8 9 11 12 13 14 | 14.7
Translocations | 4 5 6 7 8 |  8.0
Evocations     | 4 7 8 |  8.0
Air Magic      | 3 4 7 8 |  8.0
Invocations    | 2 5 6 |  6.0

Action                     |  1- 3 |  4- 6 |  7- 9 | 10-12 | 13-15 | 16-18 || total
---------------------------+-------+-------+-------+-------+-------+-------++-------
  Melee: Falchion          |    74 |   121 |   153 |       |       |       ||   348
         Short sword       |    40 |   113 |    83 |       |       |       ||   236
         Long sword        |       |       |    78 |   497 |   371 |       ||   946
         Scimitar          |       |       |       |   285 |   798 |   281 ||  1364
  Throw: Stone             |       |     2 |     1 |     2 |     1 |     1 ||     7
         Dart              |       |       |     3 |     1 |     5 |       ||     9
   Cast: Lesser Beckoning  |     1 |     5 |     7 |     7 |    10 |     8 ||    38
         Teleport Other    |       |     2 |       |       |       |       ||     2
         Vhi's Electric Ch |       |       |       |    20 |    66 |    12 ||    98
         Blink             |       |       |       |       |     2 |       ||     2
 Invoke: Light the Black T |       |     1 |     4 |     6 |     7 |     1 ||    19
         Hurl Torchlight   |       |       |       |     2 |     2 |       ||     4
         Recall Undead Har |       |       |       |     1 |     9 |       ||    10
         Bind Soul         |       |       |       |     1 |     1 |     3 ||     5
  Evoke: Wand              |       |       |     2 |     4 |    29 |       ||    35
    Use: Potion            |       |     1 |       |     1 |     6 |       ||     8
         Scroll            |       |       |       |    14 |    17 |       ||    31
   Stab: Sleeping          |     1 |     2 |     1 |       |     1 |     1 ||     6
         Distracted        |       |       |     1 |     4 |    15 |     1 ||    21
         Held in net/web   |       |       |       |     2 |       |       ||     2
 Armour: Leather armour    |    36 |    42 |       |       |       |       ||    78
         Skin              |       |    36 |       |       |     2 |       ||    38
         Ring mail         |       |    19 |   101 |   254 |   508 |    53 ||   935
  Dodge: Dodged            |    33 |    72 |    96 |   203 |   492 |    78 ||   974

Table legend: (Time is in decaauts)
 A = Elapsed time spent in this place.
 B = Non-inter-level travel time spent in this place.
 C = Inter-level travel time spent in this place.
 D = Time resting spent in this place.
 E = Time spent auto-exploring this place.
 F = Levels seen in this place.
 G = Mean time per level.
                   A        B        C        D        E       F      G
               +--------+--------+--------+--------+--------+-----+--------+
         Total |  23651 |  22734 |    917 |   2400 |  14276 |  25 |  946.0 |
       Dungeon |  15922 |  15280 |    642 |   1603 |   9614 |  15 | 1061.5 |
        Temple |     17 |      9 |      8 |      0 |      0 |   1 |   17.0 |
          Lair |   6093 |   5834 |    259 |    349 |   4067 |   5 | 1218.6 |
  Orcish Mines |    805 |    798 |      7 |    117 |    433 |   2 |  402.5 |
         Sewer |    220 |    220 |      0 |      0 |     74 |   1 |  220.0 |
        Bailey |    591 |    591 |      0 |    331 |     87 |   1 |  591.0 |
               +--------+--------+--------+--------+--------+-----+--------+

Top non-repeatable levels by time:
    D:13: 1865 daAuts
  Lair:5: 1749 daAuts
     D:1: 1483 daAuts
     D:2: 1295 daAuts
    D:10: 1293 daAuts
     D:5: 1290 daAuts
    D:15: 1240 daAuts
    D:11: 1192 daAuts
  Lair:1: 1153 daAuts
  Lair:2: 1139 daAuts
    D:14: 1094 daAuts
  Lair:4: 1088 daAuts
     D:4: 1087 daAuts
  Lair:3: 962 daAuts
     D:9: 884 daAuts
